 Dungeon Crawl Stone Soup version 0.20.1-1-g8b1a95d (webtiles) character file.

655 wolfsongas the Cudgeler (level 7, -3/66 HPs)
             Began as a Troll Fighter on Aug 3, 2017.
             Slain by Sigmund
             ... wielding a +0 scythe
              (5 damage)
             ... on level 5 of the Dungeon.
             The game lasted 00:13:23 (3924 turns).

wolfsongas the Cudgeler (Troll Fighter)             Turns: 3924, Time: 00:13:23

Health: -3/66      AC:  6    Str: 23    XL:     7   Next: 29%
Magic:  15/15      EV: 14    Int:  6    God:
Gold:   53         SH: 15    Dex: 18    Spells: 6/6 levels left

rFire    . . .     SeeInvis .   n - +2 flail (holy)
rCold    . . .     Gourm    +   c - +0 shield
rNeg     . . .     Faith    .   b - +1 robe
rPois    .         Spirit   .   (helmet restricted)
rElec    .         Reflect  +   (no cloak)
rCorr    .         Harm     .   (gloves unavailable)
MR       .....                  (boots unavailable)
Stlth    +++.......             k - +6 amulet of reflection
Regen    0.7/turn               g - ring of magical power
MPRegen  0.2/turn               s - +2 ring of intelligence

@: agile
A: unfitting armour, claws 3, thin skeletal structure 1, fast metabolism 3,
gourmand, regeneration 1, shaggy fur 1, tough skin 2, weak 1
a: no special abilities


You were on level 5 of the Dungeon.
You were not hungry.

You visited 1 branch of the dungeon, and saw 5 of its levels.

You collected 143 gold pieces.
You spent 90 gold pieces at shops.

Inventory:

Hand Weapons
 n - a +2 flail of holy wrath (weapon)
 q - a +4 flail of crushing
Missiles
 e - 2 javelins of penetration (quivered)
Armour
 b - a +1 robe (worn)
 c - a +0 shield (worn)
Jewellery
 g - a ring of magical power (left claw)
 k - a +6 amulet of reflection (around neck)
 l - an uncursed ring of magical power
 s - a +2 ring of intelligence (right claw)
Wands
 i - a wand of lightning (3/15)
Scrolls
 h - a scroll of fog
 p - a scroll of enchant weapon
 t - a scroll of blinking {unknown}
Comestibles
 a - a meat ration
 f - 9 bread rations
 j - 5 fruits


   Skills:
 - Level 2.4 Fighting
 * Level 7.5 Maces & Flails
 - Level 2.4 Dodging
 - Level 2.4 Shields


You had 6 spell levels left.
You didn't know any spells.

Dungeon Overview and Level Annotations

Branches:
Dungeon (5/15)             Temple (0/1) D:4

Altars:
Nemelex Xobeh

Shops:
D:4 %[?

Annotations:
D:5 Sigmund


Innate Abilities, Weirdness & Mutations

You are too large for most types of armour.
You have claws for hands.
Your metabolism is lightning-fast.
You like to eat raw meat.
Your natural rate of healing is unusually fast.
You are covered in fur. (AC +1)
You have very tough skin. (AC +2)
You have a somewhat thin skeletal structure. (Dex +2, Stealth)
You are weak. (Str -2)


Message History

The puff of flame hits you!
* * * LOW HITPOINT WARNING * * *
You bump into the rock wall.
Something hits you!
* * * LOW HITPOINT WARNING * * *
You bump into the rock wall.
Something completely misses you.
You bump into the rock wall.
You're too confused!
You feel agile all of a sudden.
You feel less confused. You block something's attack.
Something hits you but does no damage.
You see here a hound corpse.
You miss something. Something hits you but does no damage.
You closely miss something. Something hits you!
* * * LOW HITPOINT WARNING * * *
You hit something. You miss something. Something hits you.
* * * LOW HITPOINT WARNING * * *
You miss something. Something barely misses you.
You hit something but do no damage. Something hits you.
You die...

##. # ...
#. #.# ##.#
#.# ##...#
#.# #.....#
#.#
.......##.#
........#.#
.......{@.#
........#.#
.......##.#
#.....###.#
##...###..#
#####....#
#.#.##
#.#.# #.#.#


There were no monsters in sight!

Vanquished Creatures
  The ghost of biffMalibu the Slasher, an amateur DsGl (D:3)
  A crimson imp (D:4)
  4 orc priests
  A hound (D:5)
  2 orc wizards
  Terence (D:2)
  2 worker ants (D:4)
  4 gnolls (D:3)
  7 adders
  A shadow imp (D:5)
  An ooze (D:1)
  A worm (D:1)
  2 dart slugs (D:1)
  4 leopard geckos
  10 orcs
  6 giant cockroaches
  10 goblins
  7 hobgoblins
  8 jackals
  4 kobolds
  4 quokkas
  4 bats
  2 frilled lizards
  9 rats
96 creatures vanquished.

Vanquished Creatures (others)
  An orc (D:3)
1 creature vanquished.

Grand Total: 97 creatures vanquished

Notes
Turn   | Place    | Note
-------+----------+-------------------------------------------
     0 | D:1      | wolfsongas the Troll Fighter began the quest for the Orb.
     0 | D:1      | Reached XP level 1. HP: 22/22 MP: 0/0
    28 | D:1      | Reached skill level 2 in Maces & Flails
   142 | D:1      | Reached XP level 2. HP: 29/29 MP: 1/1
   442 | D:1      | Reached skill level 3 in Maces & Flails
   763 | D:1      | Reached XP level 3. HP: 36/36 MP: 2/2
   980 | D:2      | Found a sparkling altar of Nemelex Xobeh.
  1062 | D:2      | Noticed Terence
  1083 | D:2      | Killed Terence
  1083 | D:2      | Reached skill level 4 in Maces & Flails
  1083 | D:2      | Reached XP level 4. HP: 34/44 MP: 3/3
  1914 | D:3      | Reached XP level 5. HP: 43/50 MP: 4/4
  2024 | D:3      | Reached skill level 5 in Maces & Flails
  2048 | D:3      | Noticed biffMalibu's ghost (amateur DsGl)
  2538 | D:3      | Reached XP level 6. HP: 44/59 MP: 5/5
  2734 | D:3      | Reached skill level 6 in Maces & Flails
  2771 | D:3      | Killed biffMalibu's ghost
  2998 | D:4      | Found a staircase to the Ecumenical Temple.
  3297 | D:4      | Found Rayskut's Magic Scroll Emporium.
  3332 | D:4      | Bought a scroll of enchant weapon for 90 gold pieces
  3428 | D:4      | Found Caygimos's Antique Armour Emporium.
  3438 | D:4      | Reached skill level 7 in Maces & Flails
  3438 | D:4      | Reached XP level 7. HP: 45/66 MP: 6/6
  3538 | D:4      | Found Waenut's Food Shop.
  3774 | D:4      | Gained mutation: You can translocate small distances at will. [potion of mutation]
  3774 | D:4      | Gained mutation: You are weak. (Str -2) [potion of mutation]
  3774 | D:4      | Lost mutation: You can translocate small distances at will. [potion of mutation]
  3774 | D:4      | Gained mutation: You have a somewhat thin skeletal structure. (Dex +2, Stealth) [potion of mutation]
  3859 | D:5      | Entered Level 5 of the Dungeon
  3887 | D:5      | Noticed Sigmund
  3922 | D:5      | HP: 1/66 [something (5)]
  3924 | D:5      | Slain by Sigmund

Skill      XL: |  1  2  3  4  5  6 |
---------------+-------------------+-----
Maces & Flails | 2 3 4 5 7 |  7.5
Fighting       | |  2.4
Dodging        | |  2.4
Shields        | |  2.4

Action                   |  1- 3 |  4- 6 |  7- 9 || total
-------------------------+-------+-------+-------++-------
Melee: Flail             |   105 |   185 |    49 ||   339
       Whip              |       |    23 |       ||    23
Throw: Javelin           |       |     2 |       ||     2
  Use: Scroll            |     2 |    12 |       ||    14
       Potion            |     1 |     2 |     5 ||     8
 Stab: Sleeping          |     1 |     1 |       ||     2
  Eat: Bread ration      |     2 |     1 |       ||     3
       Chunk             |     1 |     4 |       ||     5
       Meat ration       |       |     2 |     1 ||     3
       Royal jelly       |       |     2 |       ||     2
Armor: Robe              |    33 |    50 |    12 ||    95
Dodge: Dodged            |    40 |    49 |     6 ||    95
Block: Shield            |    68 |   192 |    26 ||   286
       Reflection        |       |     1 |       ||     1
